Map: King Sejong Station LE

Players

Elazer

  • Race: Zerg Zerg
  • League: Master

ShoWTimE - Winner!

  • Race: Protoss Protoss
  • League: Master

Event: DreamHack ZOWIE Open Valencia 2016

VOD

Have the link to the VOD?

Description

Time

  • Played on: July 15, 2016, 10:38 a.m.
  • Length: 18:21

All games in this series

Show
View Real Time Build Order
Export as new Build Order

Elazer Zerg 

Build Orders: Hatch First, Lurkers 

Get SALT Encoding   

  12  0:00  Drone  
  13  0:12  Overlord  
  13  0:16  Drone  
  14  0:30  Drone x2  
  14  0:34  Drone  
  17  0:51  Hatchery  
  17  0:54  Drone  
  17  0:58  Drone  
  18  1:08  Extractor  
  17  1:13  Spawning Pool  
  17  1:15  Drone  
  17  1:19  Drone  
  18  1:27  Drone  
  19  1:41  Overlord  
  19  1:49  Drone  
  20  1:59  Queen  
  20  2:00  Drone  
  23  2:03  Zergling x2, Queen  
  26  2:09  Metabolic Boost  
  26  2:10  Drone  
  26  2:14  Drone  
  28  2:22  Drone  
  29  2:34  Drone, Hatchery  
  29  2:40  Queen  
  29  2:43  Zergling x2  
  32  2:46  Drone  
  33  2:52  Overlord  
  33  2:54  Drone  
  33  2:56  Drone  
  33  2:57  Drone  
  36  3:10  Overlord  
  36  3:11  Drone x3  
  39  3:13  Drone  
  39  3:14  Drone  
  40  3:23  Queen  
  42  3:27  Overlord  
  42  3:38  Drone  
  42  3:39  Drone x3  
  42  3:41  Spore Crawler  
  45  3:42  Drone  
  45  3:44  Drone x2, Spore Crawler  
  45  3:46  Overlord  
  47  3:52  Queen  
  47  3:54  Drone  
  49  3:57  Drone x2  
  49  4:01  Extractor  
  50  4:05  Queen  
  50  4:06  Drone  
  50  4:07  Drone  
  54  4:11  Drone x2  
  54  4:14  Overlord  
  56  4:17  Drone x2  
  56  4:19  Drone  
  56  4:22  Overlord  
  57  4:26  Lair  
  57  4:31  Zergling x2  
  57  4:32  Zergling x4  
  57  4:35  Drone  
  57  4:36  Drone  
  57  4:37  Evolution Chamber  
  61  4:39  Zergling x2  
  61  4:40  Zergling x2  
  61  4:44  Zergling x6  
  66  4:46  Zergling x2  
  66  4:49  Spore Crawler  
  66  4:50  Zergling x4  
  68  4:55  Drone x3, Extractor  
  70  5:00  Drone  
  70  5:02  Overlord  
  70  5:03  Drone x3  
  70  5:05  Drone  
  75  5:10  Drone  
  75  5:12  Zerg Missile Weapons Level 1, Overlord  
  75  5:18  Drone x3  
  75  5:20  Drone  
  75  5:22  Drone  
  75  5:23  Drone x2  
  78  5:29  Drone, Overlord  
  78  5:30  Drone  
  80  5:37  Roach Warren  
  80  5:40  Overlord  
  75  5:43  Drone x2  
  75  5:44  Drone  
  75  5:47  Drone x2  
  75  5:48  Overlord  
  75  5:49  Drone  
  80  5:52  Extractor, Overlord  
  80  5:53  Extractor  
  80  5:55  Drone  
  79  5:59  Overlord  
  79  6:06  Drone x2, Extractor  
  79  6:07  Hydralisk Den  
  79  6:08  Drone  
  79  6:09  Drone x2  
  79  6:11  Overlord  
  82  6:13  Overseer  
  82  6:14  Hatchery  
  82  6:18  Drone x3  
  83  6:23  Glial Reconstitution  
  83  6:24  Overlord  
  81  6:31  Drone x2  
  80  6:36  Hydralisk x6  
  90  6:40  Lurker Den  
  90  6:45  Drone  
  87  6:48  Hydralisk x3  
  93  6:55  Roach x4  
  93  6:58  Roach x2  
  105  7:01  Roach  
  105  7:02  Roach  
  105  7:04  Roach x2  
  113  7:08  Roach  
  113  7:12  Overlord  
  113  7:13  Roach  
  113  7:14  Roach x2  
  121  7:17  Drone  
  121  7:20  Drone  
  123  7:23  Drone  
  123  7:29  Ravager x4  
  128  7:31  Zergling x2  
  128  7:32  Zergling x10  
  128  7:35  Overlord  
  128  7:36  Hatchery  
  126  7:57  Zerg Missile Weapons Level 2  
  120  7:58  Drone x3  
  120  7:59  Drone  
  120  8:04  Overlord  
  124  8:05  Zergling x2  
  124  8:06  Zergling x18  
  134  8:13  Muscular Augments  
  134  8:15  Lurker x3  
  137  8:27  Overlord  
  137  8:28  Hydralisk x4  
  137  8:32  Hatchery  
  144  8:39  Overlord  
  143  8:45  Hydralisk  
  143  8:46  Hydralisk x4  
  152  8:50  Overlord x2  
  152  8:56  Overseer  
  152  8:57  Lurker  
  152  8:58  Zergling x10  
  152  8:59  Zergling x4  
  160  9:05  Lurker  
  160  9:07  Lurker  
  159  9:10  Hydralisk  
  159  9:13  Overlord  
  159  9:14  Hydralisk  
  159  9:16  Zergling x6  
  164  9:20  Overlord  
  164  9:23  Hydralisk  
  164  9:24  Hydralisk x2  
  163  9:31  Overlord  
  163  9:32  Zergling x12  
  163  9:33  Zergling x2  
  163  9:34  Lurker  
  170  9:38  Pneumatized Carapace  
  170  9:45  Overlord  
  170  9:51  Overseer  
  170  9:56  Hydralisk x4  
  146  10:17  Drone x2  
  146  10:18  Drone x4  
  141  10:21  Hydralisk, Queen  
  141  10:22  Hydralisk x6  
  141  10:27  Extractor x2  
  154  10:29  Drone  
  154  10:30  Drone x2  
  138  10:44  Hydralisk x7  
  143  10:52  Hydralisk x2  
  143  10:56  Overseer  
  133  10:57  Overlord  
  133  11:00  Zergling x10  
  133  11:01  Lurker  
  136  11:05  Zergling x2, Lurker  
  136  11:06  Zergling x10  
  136  11:10  Overseer  
  143  11:12  Lurker  
  143  11:14  Zergling x12  
  150  11:22  Hatchery  
  150  11:23  Hydralisk x4  
  151  11:32  Overlord, Zerg Ground Armor Level 1  
  147  11:34  Drone x4  
  147  11:39  Lurker  
  153  11:40  Lurker  
  153  11:42  Zergling x2, Overlord  
  153  11:43  Zergling x2  
  155  11:47  Lurker x2  
  153  11:59  Lurker x2  
  153  12:01  Hydralisk x2  
  155  12:02  Zergling x12  
  155  12:05  Lurker  
  155  12:08  Overlord  
  165  12:11  Lurker  
  165  12:17  Hydralisk x4  
  170  12:35  Hydralisk x6  
  165  12:44  Hydralisk x4  
  171  12:54  Hydralisk  
  171  12:55  Hydralisk x4  
  181  13:00  Zergling x2  
  181  13:01  Zergling x6  
  180  13:14  Overlord  
  180  13:16  Drone x4  
  173  13:27  Hydralisk x5  
  180  13:38  Overlord  
  178  13:42  Lurker x2, Hatchery  
  178  13:43  Lurker x2  
  178  13:44  Lurker x2  
  174  13:51  Hydralisk x5  
  173  13:59  Hydralisk  
  173  14:00  Hydralisk x2  
  173  14:02  Zergling x2  
  171  14:17  Hydralisk x5  
  171  14:23  Overseer  
  175  14:40  Hydralisk x2  
  175  14:41  Hydralisk x4  
  167  14:53  Hydralisk  
  167  14:54  Hydralisk x3  
  151  15:07  Zergling x2  
  151  15:08  Lurker x3  
  127  15:14  Overseer  
  119  15:22  Zergling x2  
  119  15:23  Zergling x10  
  100  15:46  Hydralisk x2  
  73  16:25  Overseer  
Show
View Real Time Build Order
Export as new Build Order

ShoWTimE Protoss - Winner!

Build Orders: 1 Gate Expand, Oracle Opening 

Get SALT Encoding   

  12  0:00  Probe (Chrono Boost)  
  13  0:11  Probe (Chrono Boost)  
  14  0:19  Pylon  
  14  0:22  Probe (Chrono Boost)  
  15  0:37  Probe (Chrono Boost)  
  15  0:40  Gateway  
  16  0:44  Assimilator  
  16  0:48  Probe (Chrono Boost)  
  17  0:58  Probe (Chrono Boost)  
  18  1:09  Probe (Chrono Boost)  
  19  1:23  Nexus  
  19  1:24  Probe (Chrono Boost)  
  20  1:37  Cybernetics Core  
  20  1:38  Probe (Chrono Boost)  
  21  1:43  Assimilator  
  21  1:49  Probe (Chrono Boost)  
  21  1:52  Pylon  
  22  1:59  Probe (Chrono Boost)  
  23  2:10  Adept  
  23  2:12  Probe (Chrono Boost)  
  23  2:13  Warp Gate  
  27  2:24  Probe (Chrono Boost)  
  27  2:33  Zealot, Stargate  
  27  2:35  Probe (Chrono Boost)  
  27  2:36  Probe (Chrono Boost)  
  31  2:45  Pylon  
  31  2:48  Probe (Chrono Boost)  
  31  2:49  Probe (Chrono Boost)  
  33  2:59  Mothership Core (Chrono Boost), Probe (Chrono Boost)  
  36  3:10  Probe (Chrono Boost)  
  37  3:15  Gateway  
  37  3:17  Oracle  
  37  3:18  Probe (Chrono Boost)  
  38  3:20  Probe (Chrono Boost)  
  38  3:26  Gateway  
  42  3:30  Probe (Chrono Boost)  
  42  3:32  Probe (Chrono Boost)  
  44  3:43  Probe (Chrono Boost)  
  44  3:44  Probe (Chrono Boost)  
  44  3:48  Oracle  
  46  3:54  Probe (Chrono Boost)  
  50  3:55  Pylon  
  50  3:56  Probe (Chrono Boost)  
  50  4:04  Probe (Chrono Boost)  
  50  4:09  Probe (Chrono Boost)  
  52  4:15  Probe (Chrono Boost)  
  52  4:21  Probe (Chrono Boost)  
  53  4:24  Nexus  
  53  4:25  Probe (Chrono Boost)  
  53  4:27  Pylon  
  54  4:33  Probe (Chrono Boost)  
  54  4:35  Assimilator  
  54  4:36  Adept x3, Probe (Chrono Boost)  
  54  4:37  Assimilator  
  62  4:43  Pylon  
  63  4:47  Probe x2 (Chrono Boost)  
  64  4:52  Twilight Council  
  64  4:54  Forge  
  64  4:57  Probe (Chrono Boost)  
  64  4:59  Probe (Chrono Boost)  
  66  5:02  Pylon  
  66  5:08  Probe (Chrono Boost)  
  66  5:11  Probe (Chrono Boost)  
  66  5:12  Robotics Facility  
  68  5:18  Probe (Chrono Boost)  
  69  5:23  Probe (Chrono Boost)  
  69  5:26  Gateway  
  70  5:28  Gateway  
  70  5:29  Protoss Ground Weapons Level 1, Probe (Chrono Boost), Gateway  
  70  5:30  Blink  
  70  5:33  Sentry x3  
  77  5:46  Probe (Chrono Boost)  
  77  5:48  Probe (Chrono Boost)  
  77  5:49  Probe (Chrono Boost)  
  76  5:59  Warp Prism, Probe x2 (Chrono Boost)  
  76  6:01  Probe (Chrono Boost)  
  81  6:04  Sentry x2  
  81  6:05  Zealot  
  81  6:09  Probe (Chrono Boost)  
  81  6:11  Probe (Chrono Boost)  
  89  6:13  Probe (Chrono Boost), Gateway  
  89  6:15  Gateway  
  90  6:20  Probe (Chrono Boost)  
  90  6:23  Pylon, Probe (Chrono Boost)  
  93  6:25  Probe (Chrono Boost)  
  87  6:33  Probe (Chrono Boost)  
  87  6:36  Probe (Chrono Boost)  
  87  6:38  Observer  
  89  6:43  Probe (Chrono Boost)  
  89  6:44  Sentry x2  
  89  6:45  Stalker x3  
  99  6:48  Probe (Chrono Boost)  
  99  6:49  Probe (Chrono Boost)  
  99  6:51  Stalker  
  103  6:57  Probe (Chrono Boost)  
  103  6:59  Probe (Chrono Boost)  
  105  7:04  Pylon x2  
  105  7:05  Assimilator  
  105  7:06  Probe (Chrono Boost)  
  105  7:08  Pylon  
  107  7:09  Probe (Chrono Boost)  
  107  7:10  Assimilator  
  107  7:11  Probe (Chrono Boost)  
  108  7:26  Stalker  
  108  7:27  Stalker x5  
  108  7:28  Stalker x2  
  124  7:31  Robotics Facility  
  124  7:36  Immortal  
  126  7:47  Protoss Ground Weapons Level 2  
  120  7:52  Stalker x5  
  120  8:00  Pylon x2  
  120  8:12  Sentry, Zealot x2  
  126  8:19  Stalker x4  
  134  8:27  Immortal  
  134  8:28  Pylon  
  134  8:31  Immortal  
  142  8:37  Zealot  
  142  8:38  Charge, Zealot x3  
  151  8:48  Probe x2 (Chrono Boost)  
  151  8:49  Photon Cannon  
  151  9:00  Nexus  
  151  9:03  Pylon  
  151  9:10  Zealot x3  
  157  9:20  Pylon  
  157  9:21  Pylon  
  157  9:23  Dark Shrine  
  157  9:26  Zealot  
  161  9:35  Pylon  
  161  9:39  Pylon  
  161  9:41  Pylon  
  161  9:42  Pylon  
  155  9:53  Zealot x7  
  155  9:54  Zealot  
  145  10:14  Sentry  
  145  10:15  Zealot x3  
  145  10:16  Zealot x3  
  145  10:17  Zealot  
  112  10:37  Stalker x2  
  112  10:39  Stalker x3  
  112  10:40  Stalker  
  124  10:45  Dark Templar  
  122  10:56  Observer  
  121  11:00  Protoss Ground Weapons Level 3  
  121  11:01  Photon Cannon  
  121  11:02  Photon Cannon  
  121  11:05  Probe (Chrono Boost)  
  121  11:06  Probe x2 (Chrono Boost)  
  121  11:09  Dark Templar x2  
  126  11:14  Probe (Chrono Boost)  
  126  11:15  Probe (Chrono Boost)  
  126  11:18  Probe x2 (Chrono Boost)  
  130  11:22  Observer, Templar Archives  
  130  11:24  Immortal  
  129  11:33  Pylon  
  129  11:36  Sentry, Zealot x3  
  129  11:39  Pylon  
  137  11:43  Immortal  
  141  11:54  Sentry x2  
  141  11:56  Pylon  
  141  11:59  Zealot x3  
  151  12:04  High Templar x2  
  155  12:09  Archon  
  155  12:11  Immortal  
  155  12:12  Photon Cannon, Zealot  
  161  12:18  High Templar x2  
  165  12:23  Immortal  
  159  12:50  Zealot x3, Dark Templar x2  
  159  12:51  Zealot x2  
  171  12:57  Archon  
  171  12:59  Dark Templar  
  171  13:01  Nexus  
  171  13:07  Immortal  
  171  13:09  Observer  
  172  13:14  Mothership Core (Chrono Boost)  
  168  13:21  Zealot x4  
  165  13:28  Dark Templar  
  153  13:35  Zealot x3  
  153  13:38  Observer  
  156  13:46  Immortal  
  156  13:50  High Templar x3  
  156  13:51  High Templar  
  156  13:53  Assimilator  
  156  13:55  Archon x2  
  160  14:00  Observer  
  161  14:08  Photon Cannon  
  153  14:11  Photon Cannon  
  153  14:13  Pylon  
  153  14:16  Pylon  
  153  14:21  Zealot x3, Dark Templar  
  153  14:23  Zealot, Dark Templar  
  165  14:36  High Templar  
  167  14:43  Zealot x5  
  165  15:01  Photon Cannon  
  165  15:02  Photon Cannon x2  
  165  15:04  Pylon  
  161  15:21  Photon Cannon  
  161  15:23  Gateway  
  150  15:34  Cybernetics Core  
  124  15:56  Gateway  
  114  15:57  Gateway  
  114  15:58  Gateway  
  106  16:08  Zealot x2, Dark Templar  
  106  16:09  Immortal  
  116  16:17  Assimilator  
  108  16:33  Pylon, Immortal  
  108  16:34  Pylon  
  109  16:50  Pylon  
  107  16:54  Zealot x2  
  107  16:55  Zealot x2  
  107  16:57  Gateway  
  107  16:59  Gateway  
  119  17:12  Observer  
  114  17:17  Zealot  
  114  17:18  Zealot x3  
  117  17:40  Zealot x4  
  117  17:42  Pylon  
  120  18:00  Zealot x3  
  120  18:01  Zealot x3  
  126  18:14  Robotics Facility  

Tags
 
Add a new tag
Caveats
  • Supply blocks, unpowered buildings, or Contaminate may cause inaccurate times.
  • Supply counts are checked every 10 seconds.